 Dungeon Crawl Stone Soup version 0.21.1-1-g345015fe64 (webtiles) character file.

138 Ivernyr the Charmwright (level 5, 36/40 HPs)
             Began as a Demonspawn Skald on Apr 26, 2018.
             Quit the game on level 3 of the Dungeon.
             The game lasted 00:05:12 (2797 turns).

Ivernyr the Charmwright (Demonspawn Skald)          Turns: 2797, Time: 00:05:13

Health: 36/40      AC:  5    Str: 11    XL:     5   Next: 1%
Magic:  2/8        EV: 12    Int: 14    God:
Gold:   65         SH:  0    Dex: 14    Spells: 3/8 levels left

rFire    . . .     SeeInvis .   a - +0 falchion
rCold    . . .     Gourm    .   (no shield)
rNeg     . . .     Faith    .   b - +0 leather armour
rPois    .         Spirit   .   o - +1 hat
rElec    .         Reflect  .   (no cloak)
rCorr    .         Harm     .   q - +0 pair of gloves
MR       .....                  (no boots)
Stlth    ..........             (no amulet)
HPRegen  0.13/turn              j - ring of loudness (curse)
MPRegen  0.11/turn              (no ring)

@: shrouded, singing (expiring)
A: hooves 2, rot immunity
a: no special abilities


You were on level 3 of the Dungeon.
You were hungry.

You visited 1 branch of the dungeon, and saw 3 of its levels.

You collected 65 gold pieces.

Inventory:

Hand Weapons
 a - a +0 falchion (weapon)
Armour
 b - a +0 leather armour (worn)
 o - a +1 hat (worn)
 q - a +0 pair of gloves (worn)
Jewellery
 j - a cursed ring of loudness (left hand)
Scrolls
 e - a scroll of enchant weapon {unknown}
 f - 2 scrolls of remove curse {unknown}
 g - a scroll of amnesia {unknown}
 h - 4 scrolls of identify {unknown}
 m - a scroll of teleportation {unknown}
 n - a scroll of noise {unknown}
Potions
 i - 3 potions of curing {unknown}
 k - a potion of berserk rage {unknown}
 l - a potion of flight {unknown}
 p - a potion of invisibility {unknown}
Books
 c - a book of Battle

   Spells                             Type                      Level
   a - Infusion                       Charms                       1
   b - Shroud of Golubria             Charms/Translocation         2
   c - Song of Slaying                Charms                       2
   d - Spectral Weapon                Hexes/Charms                 3
   e - Regeneration                   Charms/Necromancy            3
Comestibles
 d - a ration


   Skills:
 + Level 2.9 Fighting
 + Level 2.6 Long Blades
 * Level 2.7 Armour
 - Level 1.7 Dodging
 - Level 2.0 Spellcasting
 + Level 3.3 Charms


You had 3 spell levels left.
You knew the following spells:

 Your Spells              Type           Power        Failure   Level  Hunger
a - Shroud of Golubria    Chrm/Tloc      #.........   22%         2    ###....
b - Song of Slaying       Chrm           ##......     12%         2    ###....
c - Infusion              Chrm           ##..         8%          1    ##.....


Dungeon Overview and Level Annotations

Branches:
Dungeon (3/15)

Altars:


Innate Abilities, Weirdness & Mutations

You have hoof-like feet.
You are immune to rotting.


Message History

Terence misses you.
Casting: Song of Slaying
Confirm with . or Enter, or press ? or * to list all spells.
Space distorts slightly along a thin shroud covering your body.
You hit Terence.
Terence is severely wounded.
Terence hits you but does no damage.
You hit Terence. Your kick misses Terence.
Terence is almost dead.
Terence misses you.
You closely miss Terence. Your kick misses Terence.
Terence is almost dead.
Your song is almost over.
Terence closely misses you.
You closely miss Terence.
You kill Terence!
You have reached level 5!
Your demonic ancestry asserts itself...
You feel immune to rotting.
Are you sure you want to abandon this character and quit the game? (Confirm with "yes".)

######. .......
....... ..s....
....... .......
.......########## . .
............)@..##
....#
............###).#
.#..# ######......#
##.## .#..# #......#
#(.##....### #......#
##(......... #......#
#(.........
############..........
#).....##+###
#.....(##.#


There were no monsters in sight!

Vanquished Creatures
  Terence (D:3)
  5 adders
  An ooze (D:2)
  4 worms
  3 dart slugs (D:1)
  A leopard gecko (D:1)
  4 giant cockroaches
  3 hobgoblins
  3 jackals (D:1)
  3 kobolds
  3 bats
  3 frilled lizards
  9 goblins
  4 rats
47 creatures vanquished.

Notes
Turn   | Place    | Note
-------+----------+-------------------------------------------
     0 | D:1      | Ivernyr the Demonspawn Skald began the quest for the Orb.
     0 | D:1      | Reached XP level 1. HP: 16/16 MP: 3/3
     6 | D:1      | Reached skill level 1 in Armour
    57 | D:1      | Gained mutation: You have large cloven feet. [demonic ancestry]
    57 | D:1      | Reached XP level 2. HP: 9/22 MP: 5/5
   388 | D:1      | Learned a level 2 spell: Song of Slaying
   391 | D:1      | Learned a level 2 spell: Shroud of Golubria
   907 | D:1      | Reached skill level 3 in Charms
   911 | D:1      | Reached XP level 3. HP: 22/28 MP: 6/6
  1870 | D:2      | Gained mutation: You have hoof-like feet. [demonic ancestry]
  1870 | D:2      | Reached XP level 4. HP: 34/34 MP: 2/7
  2773 | D:3      | Noticed Terence
  2796 | D:3      | Killed Terence
  2796 | D:3      | Gained mutation: You are immune to rotting. [demonic ancestry]
  2796 | D:3      | Reached XP level 5. HP: 36/40 MP: 2/8
  2797 | D:3      | Quit the game

Skill      XL: |  1  2  3 |
---------------+----------+-----
Armour         | 1 2 |  2.7
Long Blades    | 2 |  2.6
Charms         | 3 |  3.3
Fighting       | |  2.9
Dodging        | |  1.7
Spellcasting   | |  2.0

Action                   |  1- 3 |  4- 6 || total
-------------------------+-------+-------++-------
Melee: Falchion          |   103 |    59 ||   162
       Kick              |    23 |    20 ||    43
 Cast: Shroud of Golubri |     3 |     5 ||     8
       Song of Slaying   |     1 |     2 ||     3
  Eat: Ration            |     1 |       ||     1
       Chunk             |       |     3 ||     3
Armor: Leather armour    |    30 |    22 ||    52
Dodge: Dodged            |    77 |    37 ||   114
       Rpst.: Falchion   |    29 |     8 ||    37
